 Dungeon Crawl Stone Soup version 0.21.1-1-g345015f (webtiles) character file.

1133 inc the Shield-Bearer (level 8, -2/52 HPs)
             Began as an Octopode Fighter on June 12, 2018.
             Slain by Prince Ribbit (17 damage)
             ... on level 5 of the Dungeon.
             The game lasted 00:05:59 (5202 turns).

inc the Shield-Bearer (Octopode Fighter)            Turns: 5202, Time: 00:06:00

Health: -2/52      AC:  1    Str: 16    XL:     8   Next: 36%
Magic:  8/8        EV: 12    Int: 10    God:
Gold:   231        SH: 10    Dex: 13    Spells: 7/7 levels left

rFire    . . .     SeeInvis .   a - +1 flail
rCold    . . .     Gourm    .   b - +0 shield
rNeg     . . .     Faith    .   (helmet restricted)
rPois    .         Spirit   .   (no amulet)
rElec    .         Reflect  .   s - ring of flight
rCorr    .         Harm     .   (no ring)
MR       .....                  (no ring)
Stlth    ++........             (no ring)
HPRegen  0.17/turn              (no ring)
MPRegen  0.11/turn              (no ring)
                                (no ring)
                                (no ring)

@: no status effects
A: almost no armour, stealthy swim, amphibious, 8 rings, constrict 8, camouflage
1, gelatinous body 1
a: Evoke Flight


You were on level 5 of the Dungeon.
You were not hungry.

You visited 1 branch of the dungeon, and saw 5 of its levels.

You collected 231 gold pieces.

Inventory:

Hand Weapons
 a - a +1 flail (weapon)
Armour
 b - a +0 shield (worn)
Jewellery
 h - a -2 ring of dexterity
 s - a ring of flight (left tentacle)
 v - an uncursed ring of fire
Wands
 u - a wand of iceblast (5)
Scrolls
 f - 2 scrolls of magic mapping {unknown}
 g - 2 scrolls of enchant armour {unknown}
 j - 3 scrolls of immolation {unknown}
 k - 2 scrolls of blinking {unknown}
 m - 2 scrolls of teleportation {unknown}
 o - 3 scrolls of fog {unknown}
 q - 2 scrolls of random uselessness {unknown}
 r - 3 scrolls of identify
Potions
 e - 7 potions of curing
 l - 2 potions of degeneration
 p - a potion of haste
 t - a potion of brilliance {unknown}
Comestibles
 c - 2 chunks of flesh
 d - 6 rations


   Skills:
 - Level 3.0 Fighting
 + Level 7.1 Maces & Flails
 - Level 3.0 Dodging
 + Level 7.4 Shields


You had 7 spell levels left.
You didn't know any spells.

Dungeon Overview and Level Annotations

Branches:
Dungeon (5/15)
 Temple: D:4-7

Altars:
Cheibriados
Kikubaaqudgha
Ru
Uskayaw

Annotations:
D:5 Prince Ribbit


Innate Abilities, Weirdness & Mutations

You cannot wear most types of armour.
You are very stealthy in the water. (Stealth+)
You are amphibious.
You can wear up to eight rings at the same time.
You can use your tentacles to constrict eight enemies at once.
Your skin changes colour to match your surroundings (Stealth+).
Your rubbery body absorbs attacks. (AC +1, EV +1)


Message History

Prince Ribbit blinks!
The orc wizard hits you with a dagger.
* * * LOW HITPOINT WARNING * * *
Unknown command.
The orc closely misses you.
The orc wizard points at you and mumbles some strange words.
You resist with some effort.
Unknown command.
Prince Ribbit hits you!
* * * LOW HITPOINT WARNING * * *
The orc wizard hits you with a dagger.
* * * LOW HITPOINT WARNING * * *
Unknown command.
You feel less invigorated.
You feel less confused. The orc hits you with a dagger.
* * * LOW HITPOINT WARNING * * *
Unknown command.
You feel better. You block Prince Ribbit's attack.
You block the orc wizard's attack. Prince Ribbit hits you!
You die...

####### ### ##.....## #.##
####.......##
#..###...........# #
#.####................# .
......................# .
...###............)...# .
...##.>..[.........<..# .
......##..###@......).# .
...##......oooF.......# .
.........<.aoo..(.....# .
...##.....s...........## .
#.......>.(..........# .
#........(............
#................#....#.#
.........................#
......!.=........[........


You could see Prince Ribbit, a worker ant, an orc wizard, 4 orcs and a giant
cockroach.

Vanquished Creatures
  Sigmund (D:5)
  Duvessa (D:5)
  Blork the orc (D:4)
  Dowan (D:5)
  3 wights (D:3)
  A howler monkey (D:3)
  A crimson imp (D:5)
  4 hounds (D:4)
  2 orc priests (D:3)
  4 orc wizards (D:4)
  An iguana (D:4)
  4 worker ants
  5 gnolls
  4 adders
  An ooze (D:5)
  2 worms
  3 dart slugs
  3 leopard geckos
  5 orcs
  6 giant cockroaches
  5 hobgoblins
  3 jackals (D:2)
  3 kobolds
  4 bats
  2 goblins
  A jackal skeleton (D:4)
  7 rats
78 creatures vanquished.

Notes
Turn   | Place    | Note
-------+----------+-------------------------------------------
     0 | D:1      | inc the Octopode Fighter began the quest for the Orb.
     0 | D:1      | Reached XP level 1. HP: 16/16 MP: 1/1
   126 | D:1      | Reached XP level 2. HP: 20/21 MP: 2/2
   683 | D:2      | Found a hide-covered altar of Uskayaw.
   746 | D:2      | Reached XP level 3. HP: 23/26 MP: 3/3
   833 | D:2      | Found an ancient bone altar of Kikubaaqudgha.
  1486 | D:3      | Noticed a phantom
  1490 | D:3      | Reached XP level 4. HP: 31/31 MP: 4/4
  1993 | D:3      | Reached XP level 5. HP: 33/36 MP: 5/5
  2212 | D:3      | Reached skill level 5 in Shields
  2212 | D:3      | Reached XP level 6. HP: 31/42 MP: 6/6
  2347 | D:3      | Found a sacrificial altar of Ru.
  2771 | D:3      | Reached skill level 5 in Maces & Flails
  3302 | D:4      | Reached XP level 7. HP: 21/46 MP: 7/7
  4337 | D:4      | Found a snail-covered altar of Cheibriados.
  4379 | D:5      | Entered Level 5 of the Dungeon
  4384 | D:5      | Noticed Sigmund
  4391 | D:5      | Noticed Blork the orc
  4407 | D:4      | Killed Blork the orc
  4608 | D:5      | Killed Sigmund
  4608 | D:5      | Reached XP level 8. HP: 17/52 MP: 8/8
  4817 | D:5      | Noticed Duvessa
  4818 | D:5      | Noticed Dowan
  4883 | D:5      | Noticed Prince Ribbit
  5149 | D:5      | Killed Duvessa
  5153 | D:5      | Killed Dowan
  5202 | D:5      | Slain by Prince Ribbit

Skill      XL: |  1  2  3  4  5  6  7  8 |
---------------+-------------------------+-----
Maces & Flails | 3 4 5 6 7 |  7.1
Shields        | 4 5 6 7 |  7.4
Fighting       | |  3.0
Dodging        | |  3.0

Action                   |  1- 3 |  4- 6 |  7- 9 || total
-------------------------+-------+-------+-------++-------
Melee: Flail             |    46 |    72 |    72 ||   190
       Constrict         |    11 |    14 |    21 ||    46
       Tentacles         |     6 |    15 |    17 ||    38
  Use: Scroll            |       |     6 |     1 ||     7
       Potion            |       |       |     3 ||     3
 Stab: Sleeping          |     4 |     1 |     2 ||     7
       Distracted        |     1 |       |       ||     1
  Eat: Chunk             |     1 |     4 |     5 ||    10
       Ration            |       |     1 |       ||     1
Armor: Skin              |     5 |     4 |     3 ||    12
Dodge: Dodged            |    23 |    27 |    41 ||    91
Block: Shield            |    24 |    35 |    45 ||   104
